Map: Luxuriance EC

Players

masterbonsai - Winner!

  • Race: Terran Terran
  • League: Master
  • Spawn Location: 7:00

Damrud

  • Race: Zerg Zerg
  • League: Master
  • Spawn Location: 1:00

VOD

Have the link to the VOD?

Description

Time

  • Played on: Oct. 25, 2016, 2:47 p.m.
  • Length: 5:16
Show
View Real Time Build Order
Export as new Build Order

masterbonsai Terran - Winner!

Build Orders: Reaper Expand 

Get SALT Encoding   

  12  0:01  SCV  
  13  0:13  SCV  
  14  0:18  Supply Depot  
  14  0:25  SCV  
  15  0:39  SCV  
  15  0:41  Barracks  
  16  0:44  Refinery  
  16  0:51  SCV  
  17  1:03  SCV  
  18  1:16  SCV  
  19  1:28  Orbital Command  
  19  1:29  Reaper  
  20  1:39  Command Center, Unknown  
  20  1:49  Barracks  
  20  1:54  SCV  
  20  1:59  Supply Depot  
  21  2:02  Barracks Reactor  
  21  2:08  SCV  
  21  2:11  Refinery  
  22  2:20  SCV  
  23  2:29  Bunker  
  23  2:33  SCV  
  23  2:34  Factory  
  24  2:39  Marine x2  
  24  2:40  Marine  
  27  2:50  Unknown  
  27  2:51  Orbital Command  
  27  2:53  SCV  
  27  2:58  Barracks Tech Lab  
  28  3:00  Marine x2  
  30  3:12  SCV  
  30  3:18  Marine, Orbital Command  
  31  3:30  Starport  
  31  3:31  Marine  
  32  3:35  Siege Tank  
  35  3:44  Marine  
  37  3:57  Barracks Tech Lab  
  37  3:58  SCV  
  37  4:01  SCV  
  38  4:11  Marine x2  
  40  4:22  Starport Reactor  
  40  4:23  Supply Depot  
  40  4:31  Supply Depot  
  40  4:39  Supply Depot  
  42  4:50  Supply Depot  
  40  4:58  Barracks Reactor  
Show
View Real Time Build Order
Export as new Build Order

Damrud Zerg 

Build Orders: Pool Only, Ravager All-In 

Get SALT Encoding   

  12  0:01  Drone  
  13  0:21  Spawning Pool  
  12  0:25  Drone  
  13  0:29  Drone  
  13  0:34  Extractor  
  14  0:35  Drone  
  14  0:44  Overlord  
  14  0:50  Extractor  
  13  1:00  Drone  
  15  1:04  Drone  
  15  1:09  Roach Warren  
  14  1:21  Overlord  
  14  1:49  Roach x3  
  20  2:00  Roach  
  22  2:09  Ravager  
  22  2:10  Ravager x2  
  25  2:21  Roach  
  27  2:30  Roach  
  29  2:38  Overlord  
  29  2:47  Ravager  
  30  3:01  Ravager  
  30  3:02  Ravager  
  32  3:19  Roach x3  
  38  3:37  Overlord  
  38  3:56  Overlord  
  38  4:15  Roach x2  
  38  4:16  Roach  
  44  4:23  Ravager  
  44  4:24  Ravager  
  46  4:29  Overlord  
  46  4:49  Roach  
  46  4:50  Roach  
Tags
 
Add a new tag
Caveats
  • Supply blocks, unpowered buildings, or Contaminate may cause inaccurate times.
  • Supply counts are checked every 10 seconds.